 Dungeon Crawl Stone Soup version 0.14.0-12-g87ee3b7 (webtiles) character file.

308 MDvedh the Cudgeler (level 5, -1/30 HPs)
             Began as a Gargoyle Skald on Apr 17, 2014.
             Was an Initiate of Okawaru.
             Slain by an ogre
             ... wielding a +0,+0 giant club
              (28 damage)
             ... on Level 4 of the Dungeon.
             The game lasted 00:04:45 (3348 turns).

MDvedh the Cudgeler (Gargoyle Skald)                Turns: 3348, Time: 00:04:45

HP  -1/30        AC  8     Str 16      XL: 5   Next: 28%
MP   9/9         EV 10     Int 13      God: Okawaru [......]
Gold 162         SH  0     Dex  9      Spells:  2 memorised,  5 levels left

rFire  . . .     SeeInvis .     a - +1 mace
rCold  . . .     Clarity  .     b - +0 leather armour
rNeg   + + .     Conserve .     (no shield)
rPois  +         rCorr    .     (no helmet)
rElec  +         rRot     +     (no cloak)
SustAb . .       Spirit   .     d - +0 pair of gloves
rMut   .         Warding  .     (no boots)
Saprov . . .     Stasis   .     (no amulet)
MR     .....                    (no ring)
                                l - ring of positive energy

@: not resistant to hostile enchantments, very unstealthy
A: life protection 1, electricity resistance, unbreathing, petrification
resistance, AC +4
a: Renounce Religion


You were on level 4 of the Dungeon.
You worshipped Okawaru.
Okawaru was noncommittal.
You were not hungry.

You visited 1 branch of the dungeon, and saw 4 of its levels.

You collected 162 gold pieces.

Inventory:

Hand weapons
 a - a +1,+1 mace (weapon)
Armour
 b - a +0 leather armour (worn)
 d - a +0 pair of gloves (worn)
Magical devices
 p - a wand of slowing (4)
 s - a wand of slowing (17)
Comestibles
 h - an apple
 q - a pear
Scrolls
 f - a scroll of enchant weapon I
 k - a scroll of identify
 n - a scroll of enchant weapon II
Jewellery
 l - a ring of positive energy (left hand)
 w - an uncursed amulet of clarity {unknown}
Potions
 e - a potion of heal wounds {unknown}
 g - a potion of agility {unknown}
 i - a potion of mutation {unknown}
 j - a potion of poison {unknown}
 m - a potion of might {unknown}
 r - a potion of restore abilities {unknown}
 v - a potion of brilliance {unknown}
Books
 c - a book of Battle

   Spells                             Type                      Level
   *Infusion                          Charms                       1
   Shroud of Golubria                 Charms/Translocation         2
   *Song of Slaying                   Charms                       2
   Spectral Weapon                    Hexes/Charms                 3
   Regeneration                       Charms/Necromancy            3


   Skills:
 - Level 2.1 Fighting
 + Level 5.8 Maces & Flails
 - Level 1.1 Armour
 - Level 0.7 Dodging
 - Level 2.0 Spellcasting
 - Level 2.6 Charms


You had 5 spell levels left.
You knew the following spells:

 Your Spells              Type           Power        Failure   Level  Hunger
a - Infusion              Chrm           #.....       10%         1    ##.....
b - Song of Slaying       Chrm           #.......     14%         2    ###....


Dungeon Overview and Level Annotations

Branches:
Dungeon (4/15)
 Temple: D:4-7

Altars:
Cheibriados
Kikubaaqudgha
Okawaru
Trog
Zin

Annotations:
D:3 MDvedh's ghost, average HOMo


Innate Abilities, Weirdness & Mutations

You are resistant to torment.
You are immune to poison.
You are immune to rotting.
Your stone body is very resilient (AC +4).
You resist negative energy.
You are resistant to electric shocks.
You can survive without breathing.
You are immune to petrification.


Message History

Found a scroll of identify.
An ogre comes into view. It is wielding a giant club.
Found 6 gold pieces.
You hit the giant mite.
The giant mite is moderately wounded.
The giant mite bites you but does no damage.
You closely miss the giant mite.
The giant mite is moderately wounded.
The giant mite bites you.
The giant mite bites you but does no damage.
Unknown command.
You hit the giant mite.
The giant mite is heavily wounded.
The giant mite bites you but does no damage.
You hit the giant mite.
The giant mite is heavily wounded.
The giant mite bites you but does no damage.
The ogre hits you with a giant club!
Ouch! That really hurt!
You die...

... #.......
#........ #?........
#..........
#..........
#.###..........
$......Os.......#
#@# # #.# ########
##.##.##.####>.....#
..........%........#
##.##.##.####......#
# #.# ####.### #.#
#.# #.# #.#
#.#######.#


You could see an ogre and a giant mite.

Vanquished Creatures
  A scorpion (D:4)
  A hound (D:4)
  Jessica (D:2)
  An adder (D:2)
  3 giant geckos
  An ooze (D:2)
  An orc (D:3)
  3 hobgoblins
  3 kobolds
  6 bats
  4 giant cockroaches
  2 giant newts
  10 goblins
  A quokka (D:3)
  5 rats
43 creatures vanquished.

Notes
Turn   | Place    | Note
--------------------------------------------------------------
     0 | D:1      | MDvedh, the Gargoyle Skald, began the quest for the Orb.
     0 | D:1      | Reached XP level 1. HP: 12/12 MP: 3/3
     6 | D:1      | Noticed a lindwurm
     6 | D:1      | Noticed a komodo dragon
     6 | D:1      | Noticed a worker ant
     6 | D:1      | Noticed a grizzly bear
     6 | D:1      | Noticed a hog
   390 | D:1      | Reached skill level 3 in Maces & Flails
   390 | D:1      | Reached XP level 2. HP: 17/17 MP: 4/4
   912 | D:2      | Found an iron altar of Okawaru.
   921 | D:2      | Became a worshipper of Warmaster Okawaru
  1129 | D:2      | Noticed Jessica
  1139 | D:2      | Killed Jessica
  1139 | D:2      | Reached skill level 4 in Maces & Flails
  1139 | D:2      | Reached XP level 3. HP: 18/21 MP: 6/6
  1205 | D:2      | Found a glowing silver altar of Zin.
  1396 | D:2      | Found an ancient bone altar of Kikubaaqudgha.
  1398 | D:2      | Found a bloodstained altar of Trog.
  1704 | D:2      | Reached XP level 4. HP: 24/26 MP: 7/7
  1879 | D:3      | Noticed MDvedh's ghost (average HOMo)
  2148 | D:3      | Noticed a phantom
  2356 | D:2      | Learned a level 2 spell: Song of Slaying
  2633 | D:3      | Found a snail-covered altar of Cheibriados.
  2836 | D:4      | Reached skill level 5 in Maces & Flails
  3080 | D:4      | Reached XP level 5. HP: 15/30 MP: 9/9
  3344 | D:4      | Noticed an ogre
  3348 | D:4      | Slain by an ogre

Action                   |  1- 3 |  4- 6 || total
-------------------------+-------+-------++-------
Melee: Mace              |   107 |    84 ||   191
 Cast: Infusion          |     1 |     2 ||     3
  Use: Scroll            |       |     7 ||     7
